 Dungeon Crawl Stone Soup version 0.22-a0-782-g038298e (webtiles) character file.

98 Mgcat the Skirmisher (level 4, -3/37 HPs)
             Began as a Demonspawn Berserker on July 20, 2018.
             Was a Believer of Trog.
             Slain by an iron imp (4 damage)
             ... summoned by Natasha
             ... on level 3 of the Dungeon.
             The game lasted 00:04:02 (1718 turns).

Mgcat the Skirmisher (Demonspawn Berserker)         Turns: 1718, Time: 00:04:03

Health: -3/37      AC:  8    Str: 18    XL:     4   Next: 43%
Magic:  4/4        EV:  8    Int:  8    God:    Trog [**....]
Gold:   118        SH:  0    Dex: 13    Spells: 3/3 levels left

rFire    . . .     SeeInvis .   a - +0 hand axe
rCold    . . .     Gourm    .   (no shield)
rNeg     . . .     Faith    .   o - +0 chain mail
rPois    .         Spirit   .   (helmet restricted)
rElec    .         Reflect  .   (no cloak)
rCorr    .         Harm     .   (no gloves)
MR       .....                  (no boots)
Stlth    ..........             p - amulet of the acrobat (curse)
HPRegen  0.12/turn              f - ring of flight {+Fly, !d}
MPRegen  0.09/turn              (no ring)

@: berserk cooldown, slowed, very slow
A: antennae 1
a: Berserk, Trog's Hand, Renounce Religion, Evoke Flight


You were on level 3 of the Dungeon.
You worshipped Trog.
Trog was pleased with you.
You were very hungry.

You visited 1 branch of the dungeon, and saw 3 of its levels.

You collected 118 gold pieces.

Inventory:

Hand Weapons
 a - a +0 hand axe (weapon)
Armour
 o - a +0 chain mail (worn)
   (You found it on level 2 of the Dungeon)
Jewellery
 f - a ring of flight (left hand) {+Fly, !d}
   (You found it on level 1 of the Dungeon)
 p - a cursed amulet of the acrobat (around neck)
   (You found it on level 2 of the Dungeon)
Scrolls
 b - a scroll of immolation {unknown}
 e - 2 scrolls of identify {unknown}
 h - a scroll of amnesia {unknown}
 j - 2 scrolls of teleportation {unknown}
 k - 2 scrolls of enchant armour {unknown}
 l - a scroll of fear {unknown}
 m - 2 scrolls of fog {unknown}
Potions
 g - 2 potions of haste {unknown}
 i - 2 potions of heal wounds {unknown}
 n - a potion of flight {unknown}
Comestibles
 c - 6 rations


   Skills:
 + Level 3.7 Fighting
 + Level 3.3 Axes
 + Level 2.5 Armour
 + Level 2.6 Dodging


You had 3 spell levels left.
You didn't know any spells.
Your spell library was empty.

Dungeon Overview and Level Annotations

Branches:
Dungeon (3/15)

Altars:
Cheibriados
Hepliaklqana

Annotations:
D:3 Natasha


Innate Abilities, Weirdness & Mutations

You have a pair of small antennae on your head.


Message History

Natasha shimmers violently.
Natasha claws you.
You closely miss Natasha.
Natasha stares at you and mumbles some strange words.
You resist with some effort.
You hit Natasha.
Natasha is lightly wounded.
You slash the rat!
You kill the rat!
Trog accepts your kill.
You hit Natasha.
Natasha is moderately wounded.
You hit the shadow imp. Natasha claws you but does no damage.
The shadow imp hits you but does no damage.
You hit the shadow imp.
The shadow imp is almost dead.
You miss Natasha.
You are no longer berserk.
You are exhausted.
You feel yourself slow down. Natasha claws you.
You hit the shadow imp.
You kill the shadow imp!
You hit Natasha. Natasha claws you but does no damage. Natasha claws you.
You hit Natasha.
Natasha is heavily wounded.
Natasha claws you.
You closely miss Natasha.
Natasha is heavily wounded.
Natasha casts a spell.
Natasha closely misses you.
You closely miss Natasha.
Natasha is heavily wounded.
Natasha claws you but does no damage. Natasha completely misses you.
You closely miss Natasha.
Natasha is heavily wounded.
You hit the white imp but do no damage. The white imp barely misses you.
Natasha mumbles some strange words.
The white imp barely misses you. Natasha claws you but does no damage.
You hit Natasha.
Natasha is almost dead.
You hit the shadow imp but do no damage.
You closely miss the white imp.
The white imp hits you but does no damage.
The shadow imp hits you but does no damage.
Natasha claws you but does no damage. The white imp spits at you.
The white imp closely misses you.
You closely miss Natasha.
Natasha is almost dead.
You hit the white imp but do no damage. You hit the shadow imp.
Natasha casts a spell at you. You resist with some effort.
The shadow imp closely misses you.
The white imp hits you but does no damage.
Natasha barely misses you. The shadow imp hits you.
You closely miss Natasha.
Natasha is almost dead.
You completely miss the shadow imp. You hit the white imp.
The white imp hits you but does no damage.
The shadow imp hits you but does no damage.
Natasha closely misses you. The white imp hits you. The white imp freezes you.
The shadow imp barely misses you.
Natasha casts a spell.
Your chain mail prevents you from hitting Natasha.
Natasha is almost dead.
Your chain mail prevents you from hitting the shadow imp.
You completely miss the white imp. The white imp gestures at you.
The puff of frost hits you!
The shadow imp hits you but does no damage.
Natasha closely misses you. The white imp barely misses you.
You closely miss Natasha.
Natasha is almost dead.
You hit the shadow imp but do no damage.
You barely miss the white imp. Natasha barely misses you.
The shadow imp hits you but does no damage.
The white imp gestures at you. The puff of frost hits you!
* * * LOW HITPOINT WARNING * * *
Natasha claws you.
* * * LOW HITPOINT WARNING * * *
The shadow imp hits you but does no damage.
Your chain mail prevents you from hitting Natasha.
Natasha is almost dead.
You hit the shadow imp but do no damage.
You closely miss the white imp.
The white imp hits you but does no damage.
The shadow imp hits you but does no damage.
Natasha casts a spell at you. You resist with some effort.
Natasha stares at you and mumbles some strange words.
The magic dart hits you!
* * * LOW HITPOINT WARNING * * *
The shadow imp hits you.
* * * LOW HITPOINT WARNING * * *
You closely miss Natasha.
Natasha is severely wounded.
You closely miss the iron imp. You hit the shadow imp.
The shadow imp hits you but does no damage.
Natasha barely misses you. The iron imp hits you.
You die...

##.##
#..# ##.#
#.# #.##
#..#
##.##
#5.# ##@#
......5h#
#######5#
#.. #..
#... #.#.
#.#..


You could see an iron imp, Natasha, a white imp and a shadow imp.

Vanquished Creatures
  4 adders
  3 oozes
  A worm (D:2)
  A dart slug (D:1)
  A leopard gecko (D:1)
  2 giant cockroaches (D:1)
  4 goblins
  6 hobgoblins
  2 jackals (D:1)
  A quokka (D:3)
  6 bats
  5 frilled lizards
  5 kobolds
  3 rats
44 creatures vanquished.

Notes
Turn   | Place    | Note
-------+----------+-------------------------------------------
     0 | D:1      | Mgcat the Demonspawn Berserker began the quest for the Orb.
     0 | D:1      | Reached XP level 1. HP: 18/18 MP: 1/1
    44 | D:1      | Reached skill level 2 in Armour
    44 | D:1      | Reached skill level 2 in Dodging
    44 | D:1      | Gained mutation: You have a pair of small antennae on your head. [demonic ancestry]
    44 | D:1      | Reached XP level 2. HP: 22/24 MP: 2/2
   306 | D:1      | Reached skill level 3 in Axes
   552 | D:1      | Reached XP level 3. HP: 26/29 MP: 3/3
   555 | D:1      | Reached ** piety under Trog
   872 | D:2      | Found a snail-covered altar of Cheibriados.
  1093 | D:2      | Found a hazy altar of Hepliaklqana.
  1586 | D:3      | Reached XP level 4. HP: 35/35 MP: 4/4
  1695 | D:3      | Noticed Natasha
  1716 | D:3      | HP: 9/37 [white imp/puff of frost[Natasha] (5)]
  1716 | D:3      | HP: 4/37 [Natasha (5)]
  1717 | D:3      | HP: 1/37 [shadow imp[Natasha] (2)]
  1718 | D:3      | Slain by an iron imp

Vault maps used:
D:1:      minmay_arrival_stone_box
D:2:      lemuel_coloured_pillars_altar, old_standard_altar
D:3:      uniq_terence, uniq_natasha

Skill      XL: |  1  2 |
---------------+-------+-----
Armour         | 2 |  2.5
Dodging        | 2 |  2.6
Axes           | 3 |  3.3
Fighting       | |  3.7

Action                   |  1- 3 |  4- 6 || total
-------------------------+-------+-------++-------
Melee: Hand axe          |   121 |    42 ||   163
Invok: Berserk           |     2 |     1 ||     3
       Trog's Hand       |     1 |       ||     1
  Eat: Chunk             |     4 |     1 ||     5
Armor: Animal skin       |    13 |       ||    13
       Chain mail        |    24 |    30 ||    54
Dodge: Dodged            |    82 |    29 ||   111

Table legend:
 A = Spawn XP
 B = Non-spawn XP
 C = Spawn XP percentage of total XP
 D = Spawn monster count
 E = Non-spawn monster count
 F = Spawn count percentage of total count
 G = Total turns spent on level
                    A         B        C        D         E        F      G
               +---------+---------+-------+---------+---------+-------+---------
         Total |       0 |     140 |   0.0 |       0 |      44 |   0.0 |  1718
               +---------+---------+-------+---------+---------+-------+---------
           D:1 |       0 |      45 |   0.0 |       0 |      22 |   0.0 |   783
           D:2 |       0 |      47 |   0.0 |       0 |      14 |   0.0 |   753
           D:3 |       0 |      48 |   0.0 |       0 |       8 |   0.0 |   182
               +---------+---------+-------+---------+---------+-------+---------

Vault maps used:
D:1:      minmay_arrival_stone_box
D:2:      lemuel_coloured_pillars_altar, old_standard_altar
D:3:      uniq_terence, uniq_natasha

Table legend:
 A = Turns spent in this place as a percentage of turns spent in the entire game.
 B = Non-inter-level travel turns spent in this place as a percentage of non-inter-level travel turns spent in the entire game.
 C = Inter-level travel turns spent in this place as a percentage of turns spent in this place.
 D = Turns resting spent in this place as a percentage of non-inter-level travel turns spent in this place.
 E = Turns spent auto-exploring this place as a percentage of non-inter-level travel turns spent in this place.
 F = Non-inter-level travel turns spent in this place divided by the number of levels of this place that you've seen.
                   A       B       C       D       E      F
               +-------+-------+-------+-------+-------+----------------------
         Total | 100.0 | 100.0 |   4.1 |   1.0 |  79.1 | 549.3
       Dungeon | 100.0 | 100.0 |   4.1 |   1.0 |  79.1 | 549.3
               +-------+-------+-------+-------+-------+----------------------

Table legend:
 A = Kills in this place as a percentage of kills in entire the game.
 B = Kills by you in this place as a percentage of kills by you in the entire game.
 C = Kills by friends in this place as a percentage of kills by friends in the entire game.
 D = Other kills in this place as a percentage of other kills in the entire game.
 E = Experience gained in this place as a percentage of experience gained in the entire game.
 F = Experience gained in this place divided by the number of levels of this place that you have seen.
                   A       B       C       D       E      F
               +-------+-------+-------+-------+-------+----------------------
         Total | 100.0 | 100.0 |   N/A |   N/A | 100.0 |  46.7
       Dungeon | 100.0 | 100.0 |   N/A |   N/A | 100.0 |  46.7
               +-------+-------+-------+-------+-------+----------------------
